 Dungeon Crawl Stone Soup version 0.31.0-12-g77e489cdc1 (webtiles) character file.

Game seed: 1980189760817979506

2283 Gadfly the Covered (level 9, -9/72 HPs)
             Began as an Armataur Fighter on Feb 28, 2024.
             Was a Believer of Elyvilon.
             Mangled by a hornet (10 damage)
             ... on level 7 of the Dungeon.
             The game lasted 00:18:51 (5300 turns).

Gadfly the Covered (Armataur Fighter)               Turns: 5300, Time: 00:18:52

Health: -9/72      AC: 10    Str: 24    XL:     9   Next: 16%
Magic:  21/21      EV:  3    Int:  8    God:    Elyvilon [**....]
Gold:   679        SH:  0    Dex: 12    Spells: 5/8 levels left

rFire   + . .        a - +0 flail
rCold   . . .        j - +1 kite shield
rNeg    . . .        v - +0 plate armour
rPois   .            (no helmet)
rElec   .            (no cloak)
rCorr   .            (no gloves)
SInv    .            (no barding)
Will    .....        f - amulet of regeneration Stlth
                     w - ring of protection from fire
HPRegen 1.12/turn    r - ring of magical power
MPRegen 0.17/turn

%: roll
@: confused, ambrosia-drunk, slowed, very slow
A: large, deformed body, tough skin 3, armoured tail, roll 2
a: Renounce Religion, Purification, Heal Other


You were on level 7 of the Dungeon.
You worshipped Elyvilon.
Elyvilon was pleased with you.
You visited 2 branches of the dungeon, and saw 8 of its levels.

You collected 1003 gold pieces.
You spent 255 gold pieces at shops.
You donated 69 gold pieces to Zin.

Inventory:

Hand Weapons
 a - a +0 flail (weapon)
 b - a +3 war axe
 y - a +3 mace of draining
Armour
 j - a +1 kite shield (worn)
 v - a +0 plate armour (worn)
 x - a +0 tower shield
Jewellery
 f - an amulet of regeneration (around neck)
 k - an amulet of the acrobat
 r - a ring of magical power (right hand)
 w - a ring of protection from fire (left hand)
Wands
 c - a wand of polymorph (3)
 o - a wand of charming (10)
 t - a wand of mindburst (17) (quivered)
Scrolls
 e - 6 scrolls of teleportation
 g - a scroll of poison
 n - 2 scrolls of amnesia
 q - 2 scrolls of enchant armour
 s - 2 scrolls of enchant weapon
 u - a scroll of revelation
 A - a scroll of fog
 B - a scroll of identify
Potions
 d - a potion of mutation
 h - 2 potions of curing
 i - a potion of enlightenment
 l - a potion of ambrosia
 m - 2 potions of attraction
 p - a potion of haste
 z - a potion of cancellation


   Skills:
 + Level 4.6 Fighting
 * Level 5.5 Maces & Flails
 + Level 6.0 Armour
 + Level 5.4 Shields
 * Level 5.2 Invocations
 * Level 5.6 Evocations
 - Level 1.0 Shapeshifting


You had 5 spell levels left.
You knew the following spells:

 Your Spells              Type           Power      Damage    Failure   Level
a - Swiftness             Air            0%         N/A       100%        3

Your spell library contained the following spells:

 Spells                   Type           Power      Damage    Failure   Level
 Shock                    Conj/Air       0%         1d3       100%        1
 Ensorcelled Hibernation  Hex/Ice        0%         N/A       100%        2
 Jinxbite                 Hex            0%         N/A       100%        2
 Scorch                   Fire           0%         2d5       100%        2
 Dazzling Flash           Conj/Hex       0%         N/A       100%        3
 Mephitic Cloud           Conj/Alch/Air  0%         N/A       100%        3
 Passwall                 Erth           0%         N/A       100%        3
 Airstrike                Air            0%         2d(0-16)  100%        4
 Flame Wave               Conj/Fire      0%         2d4       100%        4
 Curse of Agony           Necr           0%         N/A       100%        5
 Silence                  Hex/Air        0%         N/A       100%        5
 Yara's Violent Unravell  Hex/Alch       0%         3d3       100%        5
 Summon Cactus Giant      Summ           0%         N/A       100%        6
 Enfeeble                 Hex            0%         N/A       100%        7


Dungeon Overview and Level Annotations

Branches:
Dungeon (7/15)             Temple (1/1) D:5

Altars:
Cheibriados
Dithmenos
Elyvilon
Fedhas
Gozag
Hepliaklqana
Kikubaaqudgha
Makhleb
Nemelex Xobeh
Okawaru
Qazlal
Ru
Sif Muna
Trog
Uskayaw
Vehumet
Wu Jian
Xom
Yredelemnul
Zin

Shops:
D:3 *   D:7 (


Innate Abilities, Weirdness & Mutations

Armour fits poorly on your strangely shaped body.
You have extremely tough skin. (AC +3)
You have a long armoured tail.
You regenerate magic and health when rolling toward enemies. (Rampage Regen)


Message History

There is an open gate, spattered with blood here.
You feel very sick. You block the hornet's attack.
You feel sick. You block the hornet's attack.
You feel sick. You block the hornet's attack.
The phantom hits you but does no damage.
You feel yourself speed up.
You feel sick. The hornet barely misses you.
You feel sick. The hornet attacks as it pursues you! The hornet stings you!
You are more poisoned.
You feel yourself slow down. The hornet stings you!
You feel as though you will be slow longer.
You feel very sick. The hornet attacks as it pursues you!
The hornet stings you!
* * * LOW HITPOINT WARNING * * *
You are more poisoned.
You suddenly lose the ability to move!
The hornet stings you but does no damage.
You feel very sick.
The hornet stings you but does no damage.
The phantom hits you.
* * * LOW HITPOINT WARNING * * *
The phantom blinks!
You blink.
You can move again.
You feel better. The phantom hits you.
* * * LOW HITPOINT WARNING * * *
The orc hits you but does no damage. The hornet stings you!
* * * LOW HITPOINT WARNING * * *
You feel as though you will be slow longer.
Okay, then.
You are confused.
You feel invigorated. The hornet stings you.
* * * LOW HITPOINT WARNING * * *
You feel as though you will be slow longer.
The phantom hits you.
* * * LOW HITPOINT WARNING * * *
The orc hits you with a +0 dagger.
* * * LOW HITPOINT WARNING * * *
The hornet stings you!
You die...

......# #.....>.....# #...#
........#####..........## #...#
.......##...##..........####...##
......##:....##....#.##..........
......#.......'....#......†......
####..#...∩...'.......#...)......
...#..#....$..'.........####...##
##.# ##.....##....##.### #...#
##.######...# #W@#.##. #.#.#
..†.....#######oy#.##.# #)..#
##.##.#.###...........# ##)##
#.##.#.#......###.#### #.#
#....#.#.####.###.... #......#
#.#..#.#.##.......### #.######
##.#..#.#.##.#.###....
...............# ..
#########......#


You could see a hornet, a phantom and an orc.

Vanquished Creatures
  Grinder (D:3)
  A steam dragon (D:6)
  2 black bears
  An orc warrior (D:6)
  A sky beast (D:7)
  A phantom (D:4)
  2 kobold brigands (D:6)
  A bullfrog (D:7)
  A gnoll sergeant (D:6)
  5 scorpions
  3 wights (D:6)
  3 killer bees (D:7)
  A howler monkey (D:4)
  2 bombardier beetles
  An orc priest (D:6)
  2 sleepcaps
  Ijyb (D:3)
  8 iguanas
  3 orc wizards
  4 gnolls
  5 adders
  2 ufetubi (D:6)
  3 dart slugs
  A ribbon worm (D:3)
  10 orcs
  12 ball pythons
  5 bats
  3 endoplasms
  3 giant cockroaches
  5 goblins
  7 hobgoblins
  9 jackals
  7 quokkas
  11 frilled lizards
  10 kobolds
137 creatures vanquished.

Vanquished Creatures (others)
  A white imp (D:6)
1 creature vanquished.

Grand Total: 138 creatures vanquished

Notes
Turn   | Place    | Note
-------+----------+-------------------------------------------
     0 | D:1      | Gadfly the Armataur Fighter began the quest for the Orb.
     0 | D:1      | Reached XP level 1. HP: 18/18 MP: 1/1
   115 | D:1      | Reached XP level 2. HP: 25/25 MP: 2/2
   401 | D:1      | Reached skill level 1 in Evocations
   473 | D:1      | Reached XP level 3. HP: 30/30 MP: 3/3
   787 | D:2      | Found a faded altar of an unknown god.
   806 | D:2      | Reached skill level 1 in Shapeshifting
  1466 | D:2      | Identified a scroll of acquirement
  1468 | D:2      | Acquired 752 gold pieces
  1484 | D:3      | Reached XP level 4. HP: 37/37 MP: 4/4
  1523 | D:3      | Noticed Grinder
  1525 | D:3      | Paralysed by Grinder for 2 turns
  1533 | D:3      | Killed Grinder
  1534 | D:3      | Reached skill level 4 in Armour
  1534 | D:3      | Reached skill level 1 in Invocations
  1534 | D:3      | Reached XP level 5. HP: 12/45 MP: 4/6
  1589 | D:3      | Found a burning altar of Makhleb.
  1614 | D:3      | Reached XP level 6. HP: 51/51 MP: 7/7
  1641 | D:3      | Found Qaraxukh's Assorted Antiques.
  1648 | D:3      | Bought an inky potion for 21 gold pieces
  1648 | D:3      | Bought a scroll labelled MIUQUE BARUNN for 24 gold pieces
  1648 | D:3      | Bought a coppery potion for 21 gold pieces
  1648 | D:3      | Bought a cyan potion for 21 gold pieces
  1649 | D:3      | Bought a large copper amulet for 120 gold pieces
  1649 | D:3      | Bought a scroll of identify for 48 gold pieces
  1663 | D:3      | Found an iron altar of Okawaru.
  1676 | D:3      | Noticed Ijyb
  1704 | D:3      | Killed Ijyb
  1719 | D:3      | Found a glowing silver altar of Zin.
  1719 | D:3      | Noticed an angel
  1725 | D:3      | Became a worshipper of Zin the Law-Giver
  1725 | D:3      | Reached * piety under Zin
  1725 | D:3      | Reached ** piety under Zin
  2149 | D:3      | Found a shadowy altar of Dithmenos.
  2163 | D:3      | Learned a level 3 spell: Swiftness
  2628 | D:4      | Found a bloodstained altar of Trog.
  2786 | D:4      | Gained mutation: You regenerate magic and health when
                  | rolling toward enemies. (Rampage Regen) [Armataur growth]
  2786 | D:4      | Reached XP level 7. HP: 57/57 MP: 7/9
  3065 | D:5      | Entered Level 5 of the Dungeon
  3160 | D:5      | Found a snail-covered altar of Cheibriados.
  3160 | D:5      | Found a hide-covered altar of Uskayaw.
  3273 | D:5      | Found a staircase to the Ecumenical Temple.
  3284 | D:5      | Reached *** piety under Zin
  3430 | D:5      | Reached skill level 5 in Armour
  3543 | Temple   | Entered the Ecumenical Temple
  3548 | Temple   | Fell from the grace of Zin
  3548 | Temple   | Became a worshipper of Elyvilon the Healer
  3548 | Temple   | Reached * piety under Elyvilon
  3687 | D:5      | Found a stormy altar of Qazlal.
  3721 | D:5      | Found a hazy altar of Hepliaklqana.
  4004 | D:5      | Reached XP level 8. HP: 13/66 MP: 10/10
  4563 | D:6      | Reached ** piety under Elyvilon
  4591 | D:6      | Reached skill level 5 in Shields
  4684 | D:6      | Reached skill level 5 in Maces & Flails
  4684 | D:6      | Reached skill level 5 in Evocations
  4907 | D:6      | Reached skill level 5 in Invocations
  5061 | D:7      | Reached XP level 9. HP: 41/72 MP: 12/12
  5169 | D:7      | Reached skill level 6 in Armour
  5288 | D:7      | Found Acauzi Woet's Weapon Boutique.
  5297 | D:7      | Paralysed by a hornet for 2 turns
  5299 | D:7      | HP: 2/72 [hornet (9)]
  5300 | D:7      | Mangled by a hornet

Illustrated notes

Levels and vault maps discovered:
D:1:      lightli_arrival_statue_moat, layout_loops_ring, minmay_lizard_king
D:2:      layout_basic, shapermc_ecumenical_altar_totnotflames
D:3:      layout_loops_cross, okawaru_metal_pillars_1_2,
          mainiacjoe_overflow_alcove_1, zin_angel, bloody_makhleb, serial_shops,
          shop, corexii_leaking_fountain, minmay_statues_item, uniq_ijyb,
          uniq_grinder
D:4:      layout_basic, overflow_temple_1_default,
          chequers_serial_rivers_micro_b, minmay_fractal_squares_gapless_5
D:5:      layout_loops_ring, mainiacjoe_overflow_catwalk,
          gammafunk_temple_overflow_elements,
          mainiacjoe_overflow_surrounded_room, minmay_temple_entry_ruins
D:6:      layout_rooms, minmay_fractal_squares_5
D:7:      due_chaos_kobolds, layout_loops_cross, small_statue_intersection,
          kennysheep_windowed_goal
Temple:   minmay_freezing_vapour_temple

Skill      XL: |  1  2  3  4  5  6  7  8  9 |
---------------+----------------------------+-----
Maces & Flails | 2 3 4 5 |  5.5
Evocations     | 1 2 3 4 5 |  5.6
Shapeshifting  | 1 |  1.0
Fighting       | 3 4 |  4.6
Armour         | 4 5 6 |  6.0
Invocations    | 1 2 3 5 |  5.2
Shields        | 4 5 |  5.4

Action                     |  1- 3 |  4- 6 |  7- 9 || total
---------------------------+-------+-------+-------++-------
  Melee: Flail             |    72 |    53 |   306 ||   431
         Tailslap          |    12 |    14 |    36 ||    62
         Mace              |    57 |    26 |       ||    83
  Evoke: Wand              |       |       |     3 ||     3
    Use: Scroll            |     5 |     4 |    12 ||    21
         Potion            |     2 |     1 |     3 ||     6
 Armour: Scale mail        |    43 |       |       ||    43
         Chain mail        |    55 |    77 |   182 ||   314
         Plate armour      |       |       |   173 ||   173
  Dodge: Dodged            |    33 |    23 |    67 ||   123
  Block: Buckler           |    16 |       |       ||    16
         Kite shield       |    20 |    38 |   246 ||   304
